cohdb
Replays
Latest Replays
All Replays
Popular Replays
Top Player Replays
Match Explorer
How It Works
Community
CoH3 Stats
Reddit
Sign in to upload your games and track your stats! →
Sign in with Steam
Match 45450292
Unlisted
Match 45450292
Overview
Messages
Build Orders
End
Pioneer Squad
Construct Infanterie Kompanie
Selects Breakthrough Battlegroup
Selects Assault Grenadiers
MG 42 Machine Gun Team
Grenadier Squad
Grenadier Squad
Construct Luftwaffe Kompanie
Selects Rapid Production
221 Scout Car
Jäger Squad
Selects Breakthrough
Medical Station
Breakthrough
GrW 34 Mortar Team
Support Elements
Breakthrough
Wirbelwind Flakpanzer
Wirbelwind Flakpanzer
Breakthrough
Jäger Squad
Wirbelwind Flakpanzer
Selects Incendiary Bombing Run
Incendiary Bombing Run
Wirbelwind Flakpanzer
Breakthrough
Markov666
KevinTDW
0
0
Comments
sign in to comment!
No comments posted yet!